 Dungeon Crawl Stone Soup version 0.30-a0-583-g19bae12e61 (webtiles) character file.

Game seed: 16678477897395488914

41 Citaku the Cutter (level 3, -3/26 HPs)
             Began as a Demonspawn Wanderer on Jan 1, 2023.
             Slain by Sigmund
             ... wielding a +0 scythe
              (9 damage)
             ... on level 2 of the Dungeon.
             The game lasted 00:04:16 (993 turns).

Citaku the Cutter (Demonspawn Wanderer)              Turns: 993, Time: 00:04:16

Health: -3/26      AC:  2    Str: 12    XL:     3   Next: 32%
Magic:  3/3        EV: 11    Int: 11    God:
Gold:   47         SH:  0    Dex: 16    Spells: 2/2 levels left

rFire   . . .      SeeInvis .    a - +2 short sword
rCold   . . .      Faith    .    c - +0 buckler
rNeg    . . .      Spirit   .    e - +0 robe
rPois   .          Reflect  .    (no helmet)
rElec   .          Harm     .    (no cloak)
rCorr   .          Rampage  .    (no gloves)
Will    .....                    (no boots)
Stlth   +                        h - amulet of the acrobat
HPRegen 0.24/turn                (no ring)
MPRegen 0.08/turn                (no ring)

@: confused
A: demonic guardian 2
a: no special abilities


You were on level 2 of the Dungeon.
You visited 1 branch of the dungeon, and saw 2 of its levels.

You collected 47 gold pieces.

Inventory:

Hand Weapons
 a - a +2 short sword (weapon)
Armour
 c - a +0 buckler (worn)
 e - a +0 robe (worn)
Jewellery
 h - an amulet of the acrobat (around neck)
Scrolls
 b - 4 scrolls of identify {unknown}
 d - a scroll of fog
 i - 2 scrolls of magic mapping {unknown}
Potions
 f - a potion of lignification {unknown}
 g - a potion of invisibility {unknown}


   Skills:
 + Level 1.1 Fighting
 + Level 5.3 Short Blades
 + Level 1.7 Throwing
 + Level 0.2 Dodging
 + Level 1.8 Shields


You had 2 spell levels left.
You didn't know any spells.
Your spell library was empty.

Dungeon Overview and Level Annotations

Branches:
Dungeon (2/15)

Altars:

Annotations:
D:2 Sigmund


Innate Abilities, Weirdness & Mutations

A demonic guardian rushes to your aid.


Message History

You completely miss Sigmund.
Sigmund is moderately wounded.
You hit Sigmund.
Sigmund is moderately wounded.
Sigmund says, "Your kind have come here before.
I understand now why.
You desire death..."
Sigmund hits you with a +0 scythe.
You're too confused to move!
Sigmund closely misses you.
You bump into the rock wall.
You feel less confused.
You closely miss Sigmund.
Sigmund is moderately wounded.
Sigmund mumbles some strange words.
Sigmund flickers and vanishes!
Deactivating autopickup; reactivate with Ctrl-A.
You barely miss something. Something hits you.
You barely miss something. You hit something. Something hits you.
You barely miss something. You miss something. Something hits you.
You hit something. You miss something. You barely miss something.
You hear some strange, mumbled words.
You are confused.
You hit something. Something hits you but does no damage.
You miss something.
You're too confused to move!
You hear some strange, mumbled words.
You are more confused.
You bump into the rock wall.
Something hits you!
* * * LOW HITPOINT WARNING * * *
A demonic guardian appears!
You barely miss something. You closely miss something.
Something hits you but does no damage.
You hit something.
You bump into the rock wall.
Something hits you.
* * * LOW HITPOINT WARNING * * *
You miss your ice devil.
You're too confused to move!
Something hits you!
You die...

...# #..#
#..# #.# #..
#.# ... #.#
#.# #.# #{#
#.# #@# #.#
#4# ##.# #.#
#..# #.##
#.## #..##
#.#
##.<####.####
#.....†....#
#..####.##.#
#..# #.##<#


You could see a friendly ice devil (summoned).

Vanquished Creatures
  3 endoplasms (D:1)
  2 giant cockroaches (D:1)
  5 goblins
  3 hobgoblins
  4 jackals (D:1)
  A kobold (D:1)
  A ball python (D:1)
  4 bats
  3 frilled lizards (D:1)
  4 rats (D:1)
30 creatures vanquished.

Vanquished Creatures (collateral kills)
  A bat (D:1)
  A giant cockroach (D:1)
  2 jackals (D:1)
4 creatures vanquished.

Grand Total: 34 creatures vanquished

Notes
Turn   | Place    | Note
-------+----------+-------------------------------------------
     0 | D:1      | Citaku the Demonspawn Wanderer began the quest for the Orb.
     0 | D:1      | Citaku set off with the following items: a +2 short sword,
                  | a potion of curing, a +0 buckler, a scroll of fog, a +0
                  | robe.
     0 | D:1      | Reached XP level 1. HP: 15/15 MP: 1/1
    59 | D:1      | Gained mutation: A weak demonic guardian rushes to your
                  | aid. [demonic ancestry]
    59 | D:1      | Reached XP level 2. HP: 18/21 MP: 2/2
    66 | D:1      | Reached skill level 5 in Short Blades
   357 | D:1      | Gained mutation: A demonic guardian rushes to your aid.
                  | [demonic ancestry]
   357 | D:1      | Reached XP level 3. HP: 26/26 MP: 3/3
   895 | D:2      | Found a faded altar of an unknown god.
   963 | D:2      | Noticed Sigmund
   993 | D:2      | Slain by Sigmund

Illustrated notes

Levels and vault maps discovered:
D:1:      heliophobic_arrival_glass_houses, layout_basic
D:2:      minmay_inner_zag, layout_loops_ring, nicolae_ecumenical_lake_church,
          minmay_pentomino_p2, uniq_sigmund

Skill      XL: |  1  2 |
---------------+-------+-----
Short Blades   | 5 |  5.3
Fighting       | |  1.1
Throwing       | |  1.7
Dodging        | |  0.2
Shields        | |  1.8

Action                   || total
-------------------------++-------
Melee: Short sword       ||   113
  Use: Potion            ||     1
 Stab: Sleeping          ||     1
Armor: Robe              ||    22
Dodge: Dodged            ||    86
Block: Buckler           ||    28

Table legend: (Time is in decaauts)
 A = Elapsed time spent in this place.
 B = Non-inter-level travel time spent in this place.
 C = Inter-level travel time spent in this place.
 D = Time resting spent in this place.
 E = Time spent auto-exploring this place.
 F = Levels seen in this place.
 G = Mean time per level.
                   A        B        C        D        E       F      G
               +--------+--------+--------+--------+--------+-----+--------+
         Total |    968 |    968 |      0 |     45 |    309 |   2 |  484.0 |
       Dungeon |    968 |    968 |      0 |     45 |    309 |   2 |  484.0 |
               +--------+--------+--------+--------+--------+-----+--------+

Top non-repeatable levels by time:
     D:1: 701 daAuts
     D:2: 267 daAuts
